 Dungeon Crawl Stone Soup version 0.30-a0-691-g754fce4c43 (webtiles) character file.

Game seed: 9655321760071158804

84 kae the Insei (level 4, -1/32 HPs)
             Began as a Demonspawn Transmuter on Jan 19, 2023.
             Killed by divine providence
             ... invoked by an orc priest
              (9 damage)
             ... on level 2 of the Dungeon.
             The game lasted 00:02:07 (1660 turns).

kae the Insei (Demonspawn Transmuter)               Turns: 1660, Time: 00:02:08

Health: -1/32      AC:  2    Str: 10    XL:     4   Next: 24%
Magic:  1/7        EV: 19    Int: 17    God:
Gold:   66         SH:  0    Dex: 18    Spells: 2/8 levels left

rFire   . . .      SeeInvis .      - Unarmed
rCold   . . .      Faith    .    (shield currently unavailable)
rNeg    . . .      Spirit   .    (body armour currently unavailable)
rPois   x          Reflect  .    (helmet currently unavailable)
rElec   .          Harm     .    (cloak currently unavailable)
rCorr   .          Rampage  .    (gloves currently unavailable)
Will    .....                    (boots currently unavailable)
Stlth   ++                       (no amulet)
HPRegen 0.25/turn                Z - ring of wizardry
MPRegen 0.10/turn                (no ring)

@: spider-form (expiring), wereblooded (expiring), studying Air Magic
A: venomous fangs, tiny, (hooves 1), demonic magic 1
a: End Transformation


You were on level 2 of the Dungeon.
You were a venomous arachnid creature.
You visited 1 branch of the dungeon, and saw 3 of its levels.

You collected 66 gold pieces.


Innate Abilities, Weirdness & Mutations

You are a venomous arachnid creature.
You have venomous fangs.
You are tiny and dextrous.
Your spellcasting is less reliable in this form.
Your armour is entirely melded.
You are incapable of wielding weapons or throwing items.
((You have large cloven feet.))
Spells you cast may paralyse adjacent enemies.


   Skills:
 - Level 1.0 Fighting
 - Level 1.7 Dodging
 + Level 3.2 Unarmed Combat
 + Level 2.6 Spellcasting
 * Level 3.1 Transmutations
 + Level 0.1 Poison Magic


You had 2 spell levels left.
You knew the following spells:

 Your Spells              Type           Power      Damage    Failure   Level
a - Beastly Appendage     Tmut           26%        N/A       6%          1
b - Wereblood             Tmut           13%        N/A       9%          2
c - Spider Form           Tmut/Pois      7%         N/A       22%         3

Your spell library contained the following spells:

 Spells                   Type           Power      Damage    Failure   Level
 Ice Form                 Ice/Tmut       7%         N/A       52%         4

Inventory:

Missiles
 f - 22 stones
 j - 2 boomerangs
Armour
 a - a +0 robe (melded)
Jewellery
 Z - a ring of wizardry (left front pincers)
   (You found it on level 2 of the Dungeon)
Scrolls
 g - a scroll of magic mapping {!r}
 i - a scroll of poison {unknown}
 k - a scroll of vulnerability {unknown}
 l - a scroll of acquirement {unknown}
Potions
 b - a potion of lignification {!q}
 c - a potion of cancellation {unknown}
 d - 4 potions of heal wounds {unknown}
 e - a potion of curing {@q1}
 h - a potion of might {unknown}

Dungeon Overview and Level Annotations

Branches:
Dungeon (3/15) Zot: 16342

Altars:

Shops:
D:2

[ .## ##.###.#........).##
.# ##..................#
### ##.)...#.............#
..###....................#
#.......#.####..........##
..........#####...##...##
###.#####...##)....##### #
#.# #.#....)o..# #.#
#.###..โ€ s..# #.# #.#
##.o...# ###.#####.##
#.....# ........[..#
#.....# ##..########
#.....# #..## #.....# <.##
####### .## .รท####


You could see an orc priest and an orc.


Message History

You turn into a venomous arachnid creature.
Your +0 robe melds into your body.
Malevolent energies surge around you. ๐Ÿ˜Ž MP[-3]
You lost 3 mp, and now have 4/7 mp.
The orc shouts!
The frilled lizard hisses angrily.
An orc comes into view. It is wielding a +0 flail.
You barely miss the orc.
Your transformation is almost over.
The orc shouts! x2
The orc completely misses you.
An orc priest comes into view. It is wielding a +0 dagger.
Casting: Spider Form (quite dangerous; 22% risk of failure)
Confirm with . or Enter, or press ? or * to list all spells.
Your blood is infused with primal strength.
Malevolent energies surge around you.
The orc priest shouts!
The orc completely misses you. The orc misses you.
The frilled lizard bites you but does no damage. ๐Ÿ˜Ž MP[-2]
You lost 2 mp, and now have 2/7 mp.
Unknown command.
The orc misses you. The orc closely misses you.
The frilled lizard completely misses you.
You climb upwards.
There is a stone staircase leading down here.
You hit the orc. The frilled lizard closely misses you.
The orc completely misses you. x2
You hit the orc.
You kill the orc!
The frilled lizard completely misses you.
The orc barely misses you. ๐Ÿ˜Ž MP[+1]
You hit the orc.
The orc is poisoned.
The frilled lizard closely misses you. The orc misses you.
You hit the orc.
The orc looks as sick as possible!
You kill the orc!
You bite the frilled lizard!
You kill the frilled lizard!
Your transformation has ended.
Your +0 robe unmelds from your body.
No target in view!
Unknown command.
Casting: Wereblood (safe; 3% risk of failure)
Confirm with . or Enter, or press ? or * to list all spells.
The spell is quite dangerous to miscast (12% risk of failure)!
Continue anyway? [Y]es or [N]o only, please.
The spell is quite dangerous to miscast (12% risk of failure)!
Continue anyway?
You turn into a venomous arachnid creature.
Your +0 robe melds into your body.
Malevolent energies surge around you. ๐Ÿ˜Ž MP[-3]
You lost 3 mp, and now have 0/7 mp.
You climb downwards.
You hear an angry hiss.
An adder comes into view.
An endoplasm comes into view.
The orc misses you.
The orc hits you with a +0 falchion of flaming.
The orc burns you.
There is a stone staircase leading up here. ๐Ÿ˜• HP[-5]
You take 5 damage, and now have 27/32 hp.
You hit the orc but do no damage.
The orc is poisoned.
The orc priest calls down the wrath of Beogh upon you.
Pain shoots through your body! The orc hits you but does no damage.
The orc misses you.
You are too injured to fight recklessly! ๐Ÿ˜ฎ HP[-10]
You take 10 damage, and now have 17/32 hp.
MASSIVE DAMAGE!! (PAUSE)
You hit the orc. The orc hits you with a +0 flail.
* * * LOW HITPOINT WARNING * * *
The orc barely misses you. ๐Ÿ˜จ HP[-2]
You take 2 damage, and now have 15/32 hp.
The orc priest hits you with a +0 dagger.
* * * LOW HITPOINT WARNING * * *
The orc closely misses you. The orc barely misses you.
You climb upwards.
Your transformation is almost over.
There is a stone staircase leading down here. ๐Ÿ˜จ HP[-4] MP[+1]
You take 4 damage, and now have 11/32 hp.
You completely miss the orc priest. The orc closely misses you.
The orc barely misses you. The orc priest misses you. ๐Ÿ˜จ HP[+1]
You hit the orc priest.
You feel a bit better.
You kill the orc!
The orc barely misses you.
The orc priest completely misses you. ๐Ÿ˜จ HP[+3]
You regained 3 hp, and now have 15/32 hp.
Unknown command.
You bite the orc priest!
Your primal bloodlust is almost over.
The orc hits you with a +0 falchion of flaming.
* * * LOW HITPOINT WARNING * * *
The orc burns you.
* * * LOW HITPOINT WARNING * * *
The orc priest calls down the wrath of Beogh upon you.
Beogh smites you!
You die...

Skill      XL: |  1  2  3 |
---------------+----------+-----
Transmutations | 2 3 |  3.1
Unarmed Combat | 3 |  3.2
Fighting       | |  1.0
Dodging        | |  1.7
Spellcasting   | |  2.6
Poison Magic   | |  0.1

Action                   |  1- 3 |  4- 6 || total
-------------------------+-------+-------++-------
Melee: Unarmed           |    82 |    12 ||    94
       Kick              |    15 |     1 ||    16
       Headbutt          |     5 |       ||     5
       Punch             |     1 |       ||     1
 Cast: Beastly Appendage |    16 |     1 ||    17
       Spider Form       |     1 |     2 ||     3
       Wereblood         |       |     1 ||     1
  Use: Scroll            |     5 |       ||     5
 Stab: Sleeping          |     1 |       ||     1
       Paralysed         |     1 |       ||     1
Armor: Robe              |    17 |       ||    17
       Skin              |     2 |     2 ||     4
Dodge: Dodged            |    52 |    23 ||    75

Levels and vault maps discovered:
D:1:      lemuel_arrival_river_bridge, layout_loops_ring
D:2:      layout_rooms, serial_shops, shop, kennysheep_pointless_box
D:3:      layout_rooms, nicolae_uskayaw_dance_hall, tgw_kikubaaqudgha,
          serial_glass, glass_columns_a, glass_columns_b, uniq_natasha

Notes
Turn   | Place    | Note
-------+----------+-------------------------------------------
     0 | D:1      | kae the Demonspawn Transmuter began the quest for the Orb.
     0 | D:1      | Reached XP level 1. HP: 15/15 MP: 3/3
     0 | D:1      | magus.rc [v1.11.3]
    56 | D:1      | Reached skill level 2 in Transmutations
   108 | D:1      | HP: 1/15 [hobgoblin (3)]
   110 | D:1      | Gained mutation: You have large cloven feet. [demonic
                  | ancestry]
   110 | D:1      | Reached XP level 2. HP: 2/21 MP: 5/5
   833 | D:1      | Learned a level 2 spell: Wereblood
   848 | D:2      | Reached skill level 3 in Unarmed Combat
   854 | D:2      | Gained mutation: Spells you cast may paralyse adjacent
                  | enemies. [demonic ancestry]
   854 | D:2      | Reached XP level 3. HP: 24/26 MP: 4/6
   865 | D:1      | Learned a level 3 spell: Spider Form
  1149 | D:2      | Reached skill level 3 in Transmutations
  1250 | D:2      | Reached XP level 4. HP: 14/32 MP: 7/7
  1410 | D:2      | Found Sakhau's Armour Shop.
  1660 | D:2      | HP: 8/32 [orc/+0 falchion of flaming (1)]
  1660 | D:2      | Killed from afar by an orc priest

Vanquished Creatures
  5 adders (D:2)
  3 orcs (D:2)
  4 bats
  3 endoplasms
  2 giant cockroaches (D:1)
  5 goblins
  A hobgoblin (D:1)
  3 ball pythons
  3 frilled lizards
  6 kobolds
  2 rats (D:1)
37 creatures vanquished.

Table legend:
 A = Non-vault XP
 B = Vault XP
 C = Vault XP percentage of total XP
 D = Non-vault monster count
 E = Vault monster count
 F = Vault count percentage of total count
                 A         B        C        D         E       F
            +---------+---------+-------+---------+---------+-------
      Total |     121 |       0 |   0.0 |      37 |       0 |   0.0
            +---------+---------+-------+---------+---------+-------
        D:1 |      28 |       0 |   0.0 |      18 |       0 |   0.0
        D:2 |      93 |       0 |   0.0 |      19 |       0 |   0.0
            +---------+---------+-------+---------+---------+-------

Illustrated notes

Table legend:
 A = Kills in this place as a percentage of kills in entire the game.
 B = Kills by you in this place as a percentage of kills by you in the entire game.
 C = Kills by friends in this place as a percentage of kills by friends in the entire game.
 D = Other kills in this place as a percentage of other kills in the entire game.
 E = Experience gained in this place as a percentage of experience gained in the entire game.
 F = Experience gained in this place divided by the number of levels of this place that you have seen.
                   A       B       C       D       E      F
               +-------+-------+-------+-------+-------+----------------------
         Total | 100.0 | 100.0 |   N/A |   N/A | 100.0 |  40.3
       Dungeon | 100.0 | 100.0 |   N/A |   N/A | 100.0 |  40.3
               +-------+-------+-------+-------+-------+----------------------

Table legend: (Time is in decaauts)
 A = Elapsed time spent in this place.
 B = Non-inter-level travel time spent in this place.
 C = Inter-level travel time spent in this place.
 D = Time resting spent in this place.
 E = Time spent auto-exploring this place.
 F = Levels seen in this place.
 G = Mean time per level.
                   A        B        C        D        E       F      G
               +--------+--------+--------+--------+--------+-----+--------+
         Total |   1656 |   1644 |     12 |     19 |   1367 |   3 |  552.0 |
       Dungeon |   1656 |   1644 |     12 |     19 |   1367 |   3 |  552.0 |
               +--------+--------+--------+--------+--------+-----+--------+

Top non-repeatable levels by time:
     D:1: 867 daAuts
     D:2: 778 daAuts
     D:3: 11 daAuts
